 Dungeon Crawl Stone Soup version 0.20.0-8-g6b59dc7 (webtiles) character file.

37 Dfrag the Firebug (level 3, -1/24 HPs)
             Began as a Demonspawn Fire Elementalist on May 30, 2017.
             Slain by an adder (4 damage)
             ... on level 3 of the Dungeon.
             The game lasted 00:03:26 (1172 turns).

Dfrag the Firebug (Demonspawn Fire Elementalist)    Turns: 1172, Time: 00:03:27

Health: -1/24      AC:  3    Str:  8    XL:     3   Next: 23%
Magic:  0/7        EV: 12    Int: 17    God:
Gold:   75         SH:  0    Dex: 13    Spells: 6/7 levels left

rFire    + . .     SeeInvis .   g - +0 whip
rCold    . . .     Gourm    .   (no shield)
rNeg     . . .     Faith    +   a - +0 robe
rPois    .         Spirit   .   i - +0 helmet
rElec    .         Reflect  .   (no cloak)
rCorr    .         Harm     .   (no gloves)
MR       .....                  (no boots)
Stlth    ++........             e - amulet of faith
Regen    0.1/turn               (no ring)
MPRegen  0.1/turn               (no ring)

@: lethally poisoned (-1 -> -3), very slightly contaminated
A: fire resistance 1, powered by pain 1
a: no special abilities


You were on level 3 of the Dungeon.
You were not hungry.

You visited 1 branch of the dungeon, and saw 3 of its levels.

You collected 75 gold pieces.

Inventory:

Hand Weapons
 g - a +0 whip (weapon)
Armour
 a - a +0 robe (worn)
 i - a +0 helmet (worn)
Jewellery
 e - an amulet of faith (around neck)
 o - an uncursed ring of protection from fire {unknown}
Scrolls
 j - a scroll of teleportation {unknown}
 k - a scroll of immolation {unknown}
 m - 2 scrolls of remove curse {unknown}
 p - a scroll of identify {unknown}
Potions
 d - a potion of resistance {unknown}
 h - a potion of curing
Books
 b - a book of Flames

   Spells                             Type                      Level
   a - Flame Tongue                   Conjuration/Fire             1
   b - Throw Flame                    Conjuration/Fire             2
   c - Conjure Flame                  Conjuration/Fire             3
   d - Inner Flame                    Hexes/Fire                   3
   e - Sticky Flame                   Conjuration/Fire             4
   f - Fireball                       Conjuration/Fire             5
Comestibles
 c - 2 bread rations
 f - 2 royal jellies
 l - 6 chunks of flesh
 n - 3 fruits


   Skills:
 - Level 1.7 Dodging
 - Level 1.7 Stealth
 + Level 2.6 Spellcasting
 + Level 1.8 Conjurations
 + Level 3.1 Fire Magic


You had 6 spell levels left.
You knew the following spells:

 Your Spells              Type           Power        Failure   Level  Hunger
a - Flame Tongue          Conj/Fire      ##...        7%          1    #......


Dungeon Overview and Level Annotations

Branches:
Dungeon (3/15)

Altars:
Nemelex Xobeh


Innate Abilities, Weirdness & Mutations

Your flesh is heat resistant. (rF+)
You sometimes gain a little power by taking damage.


Message History

You miss the adder.
You feel sick. The adder closely misses you.
You closely miss the adder. The adder closely misses you. x2
Casting: Flame Tongue
Confirm with . or Enter, or press ? or * to list all spells.
Aiming: Flame Tongue
Press: ? - help, Shift-Dir - straight line, f/p - adder
Aim: an adder The flame tongue hits the adder.
The adder is heavily wounded.
The adder barely misses you.
Unknown command.
You closely miss the adder.
The adder is heavily wounded.
You feel sick. The adder bites you.
You hit the adder.
The adder is almost dead.
The adder bites you.
* * * LOW HITPOINT WARNING * * *
The adder bites you.
You die...

... ... #.# #.# #.#
#############.#######
#....l.w............#
#.###########.#####.
#.#.)<..#..@Sw....#
#.#####.#.###.###.#
#.#l#####.# #.....#.#
#.........# #.#w#.#.#
#.#.####### #.#.#.#.#
###.# #...#.#.# ..#
#.#.#...# ####
#########


You could see a worm and an adder.

Vanquished Creatures
  An adder (D:2)
  2 leopard geckos
  2 ball pythons
  2 giant cockroaches
  2 goblins (D:1)
  3 hobgoblins
  3 jackals
  2 bats
  4 frilled lizards
  2 kobolds (D:1)
  A rat (D:2)
24 creatures vanquished.

Notes
Turn   | Place    | Note
-------+----------+-------------------------------------------
     0 | D:1      | Dfrag the Demonspawn Fire Elementalist began the quest for the Orb.
     0 | D:1      | Reached XP level 1. HP: 13/13 MP: 3/3
   280 | D:1      | Reached skill level 3 in Fire Magic
   303 | D:1      | Gained mutation: Your flesh is heat resistant. (rF+) [demonic ancestry]
   303 | D:1      | Reached XP level 2. HP: 16/19 MP: 1/5
   532 | D:1      | Found a sparkling altar of Nemelex Xobeh.
   941 | D:2      | Gained mutation: You sometimes gain a little power by taking damage. [demonic ancestry]
   941 | D:2      | Reached XP level 3. HP: 24/24 MP: 2/6
  1172 | D:3      | Slain by an adder

Skill      XL: |  1 |
---------------+----+-----
Fire Magic     | 3 |  3.1
Dodging        | |  1.7
Stealth        | |  1.7
Spellcasting   | |  2.6
Conjurations   | |  1.8

Action                   || total
-------------------------++-------
Melee: Whip              ||    37
 Cast: Flame Tongue      ||    48
  Use: Potion            ||     1
  Eat: Chunk             ||     1
Armor: Robe              ||    25
Dodge: Dodged            ||    61
